 Dungeon Crawl Stone Soup version 0.29.1-2-gbd0b4ee654 (webtiles) character file.

Game seed: 13978893964060416132

104 Lutefisk the Digger (level 4, -11/44 HPs)
             Began as a Troll Earth Elementalist on Oct 23, 2022.
             Mangled by an ice beast (13 damage)
             ... on level 4 of the Dungeon.
             The game lasted 00:11:09 (1312 turns).

Lutefisk the Digger (Troll Earth Elementalist)      Turns: 1312, Time: 00:11:10

Health: -11/44     AC:  4    Str: 24    XL:     4   Next: 52%
Magic:  1/4        EV:  9    Int: 11    God:
Gold:   138        SH:  0    Dex: 10    Spells: 2/5 levels left

rFire   . . .      SeeInvis .     - Unarmed
rCold   . . .      Faith    .   (no shield)
rNeg    . . .      Spirit   .   a - +0 robe
rPois   .          Reflect  .   (helmet restricted)
rElec   .          Harm     .   (no cloak)
rCorr   .          Rampage  .   (gloves unavailable)
Will    .....                   (boots unavailable)
Stlth   +.........              (no amulet)
HPRegen 0.94/turn               n - +6 ring of strength
MPRegen 0.09/turn               (no ring)

@: about to teleport
A: large, unfitting armour, claws 3, regeneration 1, shaggy fur 1, tough skin 1
a: no special abilities


You were on level 4 of the Dungeon.
You visited 1 branch of the dungeon, and saw 4 of its levels.

You collected 138 gold pieces.

Inventory:

Hand Weapons
 f - a +0 sling of venom
Missiles
 d - 5 poisoned darts (quivered)
Armour
 a - a +0 robe (worn)
Jewellery
 n - a +6 ring of strength (left claw)
Scrolls
 e - a scroll of immolation
 g - 2 scrolls of noise
 j - a scroll of butterflies {unknown}
 l - a scroll of blinking {unknown}
 m - a scroll of summoning {unknown}
Potions
 b - a potion of magic
 h - a potion of invisibility {unknown}
 k - a potion of cancellation {unknown}


   Skills:
 * Level 2.7 Fighting
 - Level 1.5 Dodging
 - Level 1.0 Stealth
 - Level 2.0 Unarmed Combat
 - Level 1.2 Spellcasting
 - Level 0.6 Transmutations
 - Level 3.0 Earth Magic


You had 2 spell levels left.
You knew the following spells:

 Your Spells              Type           Power      Damage    Failure   Level
a - Sandblast             Erth           14%        2d6       10%         1
b - Passwall              Tmut/Erth      3%         N/A       22%         2

Your spell library contained the following spells:

 Spells                   Type           Power      Damage    Failure   Level
 Apportation              Tloc           0%         N/A       32%         1
 Stone Arrow              Conj/Erth      6%         3d7       45%         3
 Petrify                  Tmut/Erth      4%         N/A       83%         4
 Alistair's Intoxication  Tmut/Pois      0%         N/A       100%        5


Dungeon Overview and Level Annotations

Branches:
Dungeon (4/15)
 Temple: D:4-7

Altars:
Dithmenos
Gozag

Annotations:
D:2 1 runed translucent door, Crazy Yiuf


Innate Abilities, Weirdness & Mutations

You are too large for most types of armour.
You have claws for hands.
Your natural rate of healing is unusually fast.
You are covered in fur. (AC +1)
You have tough skin. (AC +1)


Message History

The ice beast is lightly wounded.
The ice beast hits you but does no damage.
You completely miss the ice beast.
The ice beast is lightly wounded.
You barely miss the ice beast.
The ice beast is lightly wounded.
The ice beast hits you. The ice beast freezes you!
Casting: Sandblast (safe; 10% risk of failure)
Confirm with . or Enter, or press ? or * to list all spells.
Aiming: Passwall (safe; 22% risk of failure)
Press: ? - help, Dir - move target, p - ice beast A rock wall.
This rock feels extremely deep.
The ice beast hits you. The ice beast freezes you!
Unknown command.
Unknown command.
You scratch the ice beast.
The ice beast is lightly wounded.
The ice beast hits you but does no damage.
As you read the scroll labelled GAUZUE LUOPU, it crumbles to dust.
You hear a loud clanging noise!
It was a scroll of noise.
You hear an angry hiss.
The ice beast hits you but does no damage.
As you read the scroll labelled PEBLIT SEYGIPT, it crumbles to dust.
The creatures around you are filled with an inner flame!
It was a scroll of immolation.
The ice beast hits you but does no damage.
As you read the scroll labelled TIGAAP SAPAIMIZADY, it crumbles to dust.
It is a scroll of brand weapon.
Your +0 sling drips with poison.
f - a +0 sling of venom The ice beast hits you.
The ice beast freezes you!
* * * LOW HITPOINT WARNING * * *
As you read the scroll labelled OLIQAN KEMA, it crumbles to dust.
You feel strangely unstable.
It was a scroll of teleportation.
The ice beast hits you.
* * * LOW HITPOINT WARNING * * *
The ice beast freezes you!
You die...

............
............
#..........
#.........
#........#
.......#
#...# #Y..#
#@..# #...#
#...# #...#
#..## ##..#
#...# #...#
#...#


You could see an ice beast (inner flame).

Vanquished Creatures
  A hound (D:3)
  3 worms
  An orc (D:3)
  3 ball pythons
  4 endoplasms
  4 giant cockroaches
  7 goblins
  4 hobgoblins
  7 jackals
  2 quokkas
  5 bats
  7 frilled lizards
  10 kobolds
  2 rats
60 creatures vanquished.

Vanquished Creatures (others)
  A plant (D:3)
1 creature vanquished.

Grand Total: 61 creatures vanquished

Notes
Turn   | Place    | Note
-------+----------+-------------------------------------------
     0 | D:1      | Lutefisk the Troll Earth Elementalist began the quest for
                  | the Orb.
     0 | D:1      | Reached XP level 1. HP: 16/16 MP: 1/1
   113 | D:1      | Reached XP level 2. HP: 26/26 MP: 2/2
   211 | D:1      | Reached skill level 1 in Unarmed Combat
   211 | D:1      | Reached skill level 3 in Earth Magic
   255 | D:1      | Reached skill level 1 in Fighting
   333 | D:1      | Found a faded altar of an unknown god.
   549 | D:2      | Found a runed translucent door.
   550 | D:2      | Noticed Crazy Yiuf
   579 | D:2      | Reached XP level 3. HP: 31/33 MP: 0/3
   587 | D:2      | Learned a level 2 spell: Passwall
   808 | D:3      | Found an opulent altar of Gozag.
   885 | D:3      | Found a shadowy altar of Dithmenos.
  1081 | D:3      | Reached XP level 4. HP: 42/42 MP: 2/4
  1296 | D:4      | Noticed an ice beast
  1312 | D:4      | HP: 2/44 [ice beast (3)]
  1312 | D:4      | Mangled by an ice beast

Illustrated notes

Levels and vault maps discovered:
D:1:      dpeg_arrival_three_same_balls, layout_loops_ring,
          chequers_ecumenical_altar_island
D:2:      layout_rooms, uniq_crazy_yiuf_cottage
D:3:      layout_basic, mainiacjoe_overflow_small_starburst,
          mainiacjoe_overflow_boulevard, st_stairs_2
D:4:      layout_cave_pods, nicolae_tso_besieged_by_evil,
          mainiacjoe_overflow_alcove_1, kennysheep_generic_room_5

Skill      XL: |  1  2  3 |
---------------+----------+-----
Unarmed Combat | 1 2 |  2.0
Earth Magic    | 3 |  3.0
Fighting       | 1 2 |  2.7
Dodging        | |  1.5
Stealth        | |  1.0
Spellcasting   | |  1.2
Transmutations | |  0.6

Action                   |  1- 3 |  4- 6 || total
-------------------------+-------+-------++-------
Melee: Unarmed           |    91 |    20 ||   111
       Punch             |     1 |       ||     1
 Fire: Sling             |     2 |       ||     2
 Cast: Sandblast         |    38 |     7 ||    45
       Passwall          |     2 |     1 ||     3
  Use: Scroll            |       |     4 ||     4
Armor: Robe              |    31 |     8 ||    39
Dodge: Dodged            |    29 |     8 ||    37
